 Dungeon Crawl Stone Soup version 0.20.0 (webtiles) character file.

12614 Llamajah the Fighter (level 12, -3/102 HPs)
             Began as a Formicid Fighter on June 13, 2017.
             Was a High Priest of Okawaru.
             Slain by a cyan ugly thing (14 damage)
             ... on level 11 of the Dungeon.
             The game lasted 00:55:34 (11063 turns).

Llamajah the Fighter (Formicid Fighter)            Turns: 11063, Time: 00:55:37

Health: -3/102     AC: 12    Str: 27    XL:     12   Next: 22%
Magic:  11/12      EV: 14    Int: 17    God:    Okawaru [*****.]
Gold:   631        SH: 12    Dex: 10    Spells: 11/11 levels left

rFire    . . .     SeeInvis +   a - +0 war axe
rCold    . . .     Gourm    .   c - +0 shield
rNeg     + . .     Faith    +   y - +1 ring mail of Gaoggerphu {rPois rN+ Str+2 Int+8}
rPois    +         Spirit   .   (helmet unavailable)
rElec    .         Reflect  .   p - +2 cloak
rCorr    +         Harm     .   t - +0 pair of gloves
MR       +....                  (no boots)
Stlth    ..........             e - amulet of faith
Regen    0.3/turn               R - ring of resist corrosion
MPRegen  0.2/turn               Q - ring of flight

@: no status effects
A: permanent stasis, dig shafts and tunnels, four strong arms, antennae 3
a: Dig, Shaft Self, Heroism, Finesse, Renounce Religion, Evoke Flight


You were on level 11 of the Dungeon.
You worshipped Okawaru.
Okawaru was extremely pleased with you.
You were not hungry.

You visited 1 branch of the dungeon, and saw 11 of its levels.
You visited the Abyss 1 time.
You also visited: Labyrinth.

You collected 631 gold pieces.

Inventory:

Hand Weapons
 a - a +0 war axe (weapon)
 q - a +1 scimitar of flaming
 A - a +4 dire flail of protection
Armour
 c - a +0 shield (worn)
 p - a +2 cloak (worn)
 t - a +0 pair of gloves (worn)
 v - a +0 plate armour
 y - the +1 ring mail of Gaoggerphu (worn) {rPois rN+ Str+2 Int+8}
   (Okawaru gifted it to you on level 11 of the Dungeon)

   It affects your strength (+2).
   It affects your intelligence (+8).
   It protects you from poison.
   It protects you from negative energy.
 L - the scarf "Jyuzon" {rPois}
   (Okawaru gifted it to you on level 8 of the Dungeon)

   It protects you from poison.
Jewellery
 e - an amulet of faith (around neck)
 C - an uncursed ring of fire
 D - an uncursed amulet of the gourmand {unknown}
 J - a cursed amulet of inaccuracy {unknown}
 K - an uncursed ring of stealth
 Q - a ring of flight (right hand)
 R - a ring of resist corrosion (left hand)
 S - an uncursed ring of magical power
 U - a cursed amulet of inaccuracy {unknown}
 V - a +3 amulet of reflection {unknown}
 W - an uncursed amulet of the gourmand {unknown}
Wands
 b - a wand of flame (17/48)
 d - a wand of lightning (9/15)
 j - a wand of paralysis (14/24)
 u - a wand of lightning (10/15)
 G - a wand of disintegration (8/24)
 M - a wand of flame (25/48)
 O - a wand of random effects (43/48)
 Y - a wand of lightning (5/15)
 Z - a wand of polymorph (14/24)
Scrolls
 g - a scroll of enchant armour
 h - 5 scrolls of remove curse
 k - a scroll of enchant weapon
 s - 3 scrolls of magic mapping
 w - 2 scrolls of fog
 z - 2 scrolls of amnesia
Potions
 i - 3 potions of brilliance
 l - 2 potions of curing
 m - a potion of invisibility
 x - a potion of lignification
 B - a potion of ambrosia
 E - 2 potions of mutation
 I - a potion of heal wounds
 P - 2 potions of flight
Comestibles
 f - 5 bread rations
 n - 3 meat rations
 o - 9 chunks of flesh
 r - 8 fruits


   Skills:
 * Level 12.2 Fighting
 + Level 7.9 Axes
 + Level 9.1 Armour
 + Level 6.7 Dodging
 + Level 10.1 Shields


You had 11 spell levels left.
You didn't know any spells.

Dungeon Overview and Level Annotations

Branches:
Dungeon (11/15)            Temple (0/1) D:6            Lair (0/6) D:8
    Orc (0/2) D:9

Altars:
Ashenzari
Elyvilon
Fedhas
Gozag
Hepliaklqana
Kikubaaqudgha
Nemelex Xobeh
Okawaru
Qazlal
Trog
The Shining One

Annotations:
D:10 Sonja


Innate Abilities, Weirdness & Mutations

You cannot be hasted, slowed, berserked, paralysed or teleported.
You can dig through walls and to a lower floor.
Your four strong arms can wield two-handed weapons with a shield.
You have a pair of large antennae on your head. (SInv)


Message History

The cyan ugly thing misses you.
You barely miss the cyan ugly thing.
The cyan ugly thing is moderately wounded.
You block the cyan ugly thing's attack.
You hit the cyan ugly thing.
The cyan ugly thing is moderately wounded.
You slash the cyan ugly thing!
The cyan ugly thing is heavily wounded.
You block the cyan ugly thing's attack.
You barely miss the cyan ugly thing.
The cyan ugly thing is heavily wounded.
The cyan ugly thing kicks you! The cyan ugly thing shocks you!
* * * LOW HITPOINT WARNING * * *
You closely miss the cyan ugly thing.
The cyan ugly thing is heavily wounded.
You feel like a meek peon again. The cyan ugly thing kicks you!
* * * LOW HITPOINT WARNING * * *
The cyan ugly thing shocks you!
You die...

*********,,,**,,***,**,**
*,,******,,,##..***.##**
,,,,,,,,,,,,#....,,..#
,,,,,,,,,,,,*....,...*
*,,***,**###*#..#*..#**#* *
*,,***,**#..##..##..##.%** **
,,,,,*,,,...'.......'...,* *,
,,,,,*,,,,,,#....u..#,,,.* *,
,,,,,+,,,,,,#...@...#,,.,* *,
*,,***,,***,##..##..#*'##********
*,,***,,*##.##..##..##..##,,,,,**
*,,,,,,,,#................,,,,,*,
+,,,,,,,,+................,,,,,+,
*,,**,,,,###+#####..#####**,,****
*,,**,,,,##....###..##..#**,,****
,,,+,,,,,#..........'.....,,,*,,,
,,,*,,,,,#..........#.....,,,*,,,


You could see a cyan ugly thing.

Vanquished Creatures
  A minotaur (Lab)
  Erica (D:11)
  A two-headed ogre (D:8)
  A death yak (D:8)
  The ghost of spsoon the Zephyrmancer, a novice TeAE of Okawaru (D:7)
  A cyclops (D:11)
  An elephant (D:8)
  A centaur zombie (D:11)
  A large abomination (D:11)
  A troll (D:11)
  A hornet (D:9)
  3 hippogriffs
  8 yaks (D:9)
  4 hungry ghosts (Lab)
  3 basilisks
  Edmund (D:5)
  A two-headed ogre zombie (D:9)
  Duvessa (D:5)
  A water moccasin (D:8)
  3 orc warriors
  2 black bears
  An ice beast (D:6)
  3 sky beasts
  A necrophage (D:7)
  4 phantoms (D:9)
  6 ogres
  2 centaurs
  A big kobold (D:10)
  3 bullfrogs
  A gnoll sergeant (D:6)
  3 scorpions
  Dowan (D:5)
  4 killer bees (D:9)
  4 wights (D:10)
  6 crimson imps
  3 centaur skeletons
  3 jellies
  A hound (D:7)
  4 orc priests
  Crazy Yiuf (D:2)
  11 orc wizards
  A bullfrog skeleton (D:6)
  Natasha (thrice) (D:3)
  7 worker ants
  7 ogre zombies (D:9)
  An ogre skeleton (Lab)
  2 hound skeletons
  3 worker ant zombies
  Robin (D:4)
  14 adders
  10 gnolls
  A shadow imp (D:8)
  2 adder skeletons
  An adder zombie (D:3)
  2 worms
  A dart slug (D:3)
  5 leopard geckos
  37 orcs
  2 ball pythons (D:1)
  5 giant cockroaches
  21 goblins
  14 hobgoblins
  6 jackals
  11 quokkas
  7 bats
  5 frilled lizards
  A giant cockroach zombie (D:6)
  6 goblin zombies (D:9)
  4 hobgoblin zombies (D:9)
  7 kobolds
  An orc skeleton (D:9)
  14 orc zombies (D:9)
  A quokka skeleton (D:5)
  2 quokka zombies
  13 rats
319 creatures vanquished.

Vanquished Creatures (others)
  An orc wizard (D:4)
1 creature vanquished.

Grand Total: 320 creatures vanquished

Notes
Turn   | Place    | Note
-------+----------+-------------------------------------------
     0 | D:1      | Llamajah the Formicid Fighter began the quest for the Orb.
     0 | D:1      | Reached XP level 1. HP: 18/18 MP: 1/1
   128 | D:1      | Reached XP level 2. HP: 20/24 MP: 2/2
   589 | D:1      | Reached XP level 3. HP: 24/29 MP: 3/3
  1062 | D:2      | Reached skill level 4 in Fighting
  1062 | D:2      | Reached XP level 4. HP: 34/37 MP: 4/4
  1075 | D:2      | Found a bloodstained altar of Trog.
  1137 | D:2      | Reached skill level 1 in Dodging
  1228 | D:2      | Reached XP level 5. HP: 30/43 MP: 5/5
  1501 | D:2      | Found a runed door.
  1505 | D:2      | Noticed Crazy Yiuf
  1512 | D:2      | Killed Crazy Yiuf
  1584 | D:2      | Found an iron altar of Okawaru.
  1595 | D:2      | Became a worshipper of Warmaster Okawaru
  1892 | D:3      | Reached XP level 6. HP: 33/49 MP: 6/6
  2064 | D:3      | Found a sparkling altar of Nemelex Xobeh.
  2076 | D:3      | Noticed Natasha
  2084 | D:3      | Killed Natasha
  2134 | D:3      | Noticed Natasha
  2147 | D:3      | Killed Natasha
  2147 | D:3      | Reached skill level 5 in Fighting
  2296 | D:3      | Found a glowing golden altar of the Shining One.
  2301 | D:3      | Noticed Natasha
  2311 | D:3      | Killed Natasha
  2604 | D:4      | Reached * piety under Okawaru
  2604 | D:4      | Reached skill level 5 in Shields
  2604 | D:4      | Reached XP level 7. HP: 52/56 MP: 7/7
  2617 | D:4      | Found a blossoming altar of Fedhas.
  2688 | D:4      | Noticed Robin
  2713 | D:4      | Killed Robin
  2979 | D:4      | Reached skill level 6 in Fighting
  3513 | D:4      | Found a white marble altar of Elyvilon.
  3632 | D:5      | Entered Level 5 of the Dungeon
  3664 | D:4      | Reached skill level 5 in Armour
  3664 | D:4      | Reached XP level 8. HP: 62/65 MP: 8/8
  3718 | D:4      | Reached ** piety under Okawaru
  3866 | D:5      | Got a shimmering rapier
  3867 | D:5      | Identified the +10 rapier of Honour {pierce, *Rage MR++ Dex+5} (You found it on level 5 of the Dungeon)
  4002 | D:5      | Noticed Edmund
  4026 | D:5      | Killed Edmund
  4026 | D:5      | Reached skill level 7 in Fighting
  4271 | D:5      | Noticed Duvessa
  4272 | D:5      | Noticed Dowan
  4285 | D:5      | Killed Duvessa
  4285 | D:5      | Reached *** piety under Okawaru
  4314 | D:5      | Killed Dowan
  4407 | D:5      | Reached XP level 9. HP: 57/74 MP: 9/9
  4533 | D:6      | Found a shattered altar of Ashenzari.
  4624 | D:6      | Reached skill level 8 in Fighting
  4956 | D:6      | Found a stormy altar of Qazlal.
  5061 | D:6      | Found a staircase to the Ecumenical Temple.
  5302 | D:7      | Noticed a hippogriff
  5313 | D:7      | Killed a hippogriff
  5313 | D:7      | Reached **** piety under Okawaru
  5313 | D:7      | Reached skill level 5 in Axes
  5392 | D:7      | Found a sparkling altar of Nemelex Xobeh.
  5563 | D:7      | Noticed spsoon's ghost (novice TeAE)
  5579 | D:7      | Killed spsoon's ghost
  5579 | D:7      | Reached skill level 9 in Fighting
  5579 | D:7      | Reached XP level 10. HP: 75/83 MP: 8/10
  6554 | D:8      | Noticed an elephant
  6795 | D:8      | Reached skill level 10 in Fighting
  6798 | D:8      | Found a staircase to the Lair.
  6811 | D:8      | Reached skill level 5 in Dodging
  6944 | D:8      | Noticed a two-headed ogre
  6953 | D:8      | Killed a two-headed ogre
  6953 | D:8      | Reached ***** piety under Okawaru
  7012 | D:8      | Killed an elephant
  7052 | D:8      | Found an opulent altar of Gozag.
  7115 | D:8      | Found an ancient bone altar of Kikubaaqudgha.
  7269 | D:8      | Found a hazy altar of Hepliaklqana.
  7318 | D:8      | Noticed a death yak
  7349 | D:8      | Killed a death yak
  7349 | D:8      | Received a gift from Okawaru
  7349 | D:8      | Reached XP level 11. HP: 48/92 MP: 9/11
  7350 | D:8      | Got a shimmering scarf {god gift}
  7361 | D:8      | Identified the scarf "Jyuzon" {rPois} (Okawaru gifted it to you on level 8 of the Dungeon)
  8128 | D:9      | Reached skill level 11 in Fighting
  8364 | D:9      | Found a staircase to the Orcish Mines.
  9255 | D:10     | Entered Level 10 of the Dungeon
  9572 | D:10     | Noticed Sonja
  9578 | D:10     | Cast into level 1 of the Abyss (Sonja)
  9661 | Abyss:1  | Noticed a starcursed mass
  9737 | Abyss:1  | Noticed a large abomination
  9744 | D:10     | Escaped the Abyss
  9777 | D:11     | Killed a large abomination
  9816 | D:11     | Noticed a cyclops
  9831 | D:11     | Killed a cyclops
  9832 | D:11     | Found a labyrinth entrance.
  9850 | Lab      | Entered a labyrinth
 10472 | Lab      | Paralysed by fainting for 8 turns
 10585 | Lab      | Noticed a minotaur
 10592 | Lab      | Killed a minotaur
 10592 | Lab      | Reached XP level 12. HP: 85/102 MP: 9/12
 10643 | Lab      | Got a crude ring mail
 10654 | Lab      | Identified the cursed +0 ring mail of the Immovable Runes {rN+ Stlth+} (You found it in a labyrinth)
 10697 | D:11     | Noticed Erica
 10734 | D:11     | Killed Erica
 10734 | D:11     | Reached skill level 12 in Fighting
 10734 | D:11     | Reached skill level 10 in Shields
 10924 | D:11     | Received a gift from Okawaru
 10935 | D:11     | Got an encrusted ring mail {god gift}
 10952 | D:11     | Identified the +1 ring mail of Gaoggerphu {rPois rN+ Str+2 Int+8} (Okawaru gifted it to you on level 11 of the Dungeon)
 11063 | D:11     | Slain by a cyan ugly thing

Skill      XL: |  1  2  3  4  5  6  7  8  9 10 11 12 |
---------------+-------------------------------------+-----
Shields        | 4 5 6 7 8 9 10 | 10.1
Fighting       | 4 5 6 7 9 10 11 12 | 12.2
Dodging        | 1 2 3 4 5 6 |  6.7
Armour         | 4 5 6 7 8 9 |  9.1
Axes           | 3 4 5 6 7 |  7.9

Action                   |  1- 3 |  4- 6 |  7- 9 | 10-12 || total
-------------------------+-------+-------+-------+-------++-------
Melee: War axe           |   118 |   187 |   412 |   753 ||  1470
Invok: Heroism           |       |       |     7 |    14 ||    21
 Abil: Dig               |       |     1 |       |     2 ||     3
  Use: Scroll            |       |       |       |    21 ||    21
       Potion            |       |       |       |     5 ||     5
  Eat: Chunk             |     1 |     5 |    11 |    13 ||    30
       Bread ration      |       |       |       |     5 ||     5
       Fruit             |       |       |       |     4 ||     4
       Royal jelly       |       |       |       |     1 ||     1
Armor: Scale mail        |    62 |    79 |    29 |       ||   170
       Plate armour      |       |       |   168 |   356 ||   524
       Ring mail         |       |       |       |    10 ||    10
Dodge: Dodged            |    37 |    81 |    95 |   269 ||   482
Block: Shield            |    66 |   113 |   221 |   475 ||   875
